 Dungeon Crawl Stone Soup version 0.29-a0-284-gf9362112df (webtiles) character file.

Game seed: 6048518984378905568

43 gzilladon the Skirmisher (level 3, -2/33 HPs)
             Began as a Draconian Berserker on Mar 22, 2022.
             Was a Follower of Trog.
             Killed by divine providence
             ... invoked by an orc priest
              (12 damage)
             ... on level 4 of the Dungeon.
             The game lasted 00:19:40 (1542 turns).

gzilladon the Skirmisher (Draconian Berserker)      Turns: 1542, Time: 00:19:41

Health: -2/33      AC: 12    Str: 21    XL:     3   Next: 37%
Magic:  3/3        EV: 12    Int:  7    God:    Trog [*.....]
Gold:   60         SH:  0    Dex: 10    Spells: 2/2 levels left

rFire   . . .      SeeInvis .   s - +1 mace (protect)
rCold   + . .      Faith    .   (no shield)
rNeg    . . .      Spirit   .   (body armour unavailable)
rPois   .          Reflect  .   (helmet restricted)
rElec   .          Harm     .   (no cloak)
rCorr   .          Rampage  .   (no gloves)
Will    .....                   (no boots)
Stlth   +.........              (no amulet)
HPRegen 0.11/turn               d - ring of protection from cold
MPRegen 0.08/turn               (no ring)

@: under a protective aura, attractive
A: AC +5, unfitting armour, cold-blooded
a: Renounce Religion, Berserk


You were on level 4 of the Dungeon.
You worshipped Trog.
Trog was aware of your devotion.
You visited 1 branch of the dungeon, and saw 4 of its levels.

You collected 60 gold pieces.

Inventory:

Hand Weapons
 a - a +0 hand axe
 b - a +0 whip
 p - a +0 flail
 r - a +1 dagger of speed
 s - a +1 mace of protection (weapon)
Missiles
 q - 6 stones (quivered)
Jewellery
 d - a ring of protection from cold (left hand)
Scrolls
 c - a scroll of blinking {unknown}
 e - a scroll of fear {unknown}
 h - a scroll of noise {unknown}
 i - a scroll of fog {unknown}
 j - a scroll of enchant armour {unknown}
 n - 3 scrolls of immolation {unknown}
 o - a scroll of teleportation {unknown}
Potions
 g - 2 potions of might {unknown}
 k - a potion of magic {unknown}
 l - a potion of cancellation {unknown}
 m - a potion of haste {unknown}
 t - a potion of brilliance {unknown}
 u - a potion of flight {unknown}


   Skills:
 + Level 4.0 Fighting
 + Level 3.4 Axes
 + Level 3.2 Dodging


You had 2 spell levels left.
You didn't know any spells.
Your spell library was empty.

Dungeon Overview and Level Annotations

Branches:
Dungeon (4/15)
 Temple: D:4-7

Altars:


Innate Abilities, Weirdness & Mutations

Your plain brown scales are hard. (AC +5)
You cannot fit into any form of body armour.
You are cold-blooded and may be slowed by cold attacks.


Message History

q - 8 stones (gained 1)
There are no items here.
An orc wizard comes into view. It is wielding a +0 dagger.
The orc wizard moves out of view.
An orc priest comes into view. It is wielding a +0 dagger.
The orc priest shouts!
The orc wizard shouts!
You hear a shout!
Throw: 8 stones
Press: ? - help, Q - select action Shift-Dir - straight line, f - orc wizard
Aim: an orc wizard, wielding a +0 dagger and wearing a +0 robe (50% to hit)
You throw a stone. The stone hits the orc wizard.
The orc wizard is lightly wounded.
Throw: 7 stones
Press: ? - help, Q - select action Shift-Dir - straight line, f/p - orc wizard
Aim: an orc wizard, wielding a +0 dagger and wearing a +0 robe (lightly wounded, 50% to hit)
You throw a stone.
The stone closely misses the orc wizard.
An orc comes into view. It is wielding a +0 club.
You hit the orc priest.
Your weapon exudes an aura of protection.
You tail-slap the orc priest.
The orc priest is heavily wounded.
The orc priest invokes the aid of Beogh against you.
Beogh smites you!
You hit the orc priest.
The orc priest is almost dead.
The orc priest invokes the aid of Beogh against you.
Pain shoots through your body!
The orc priest invokes the aid of Beogh against you.
Beogh smites you!
The orc priest casts a cantrip, but nothing happens.
It was a potion of attraction.
You feel attractive to monsters.
The orc priest calls upon Beogh to heal the orc wizard.
The orc wizard's wounds heal themselves!
The orc priest is attracted toward you. The orc wizard is attracted toward you.
The orc priest attacks as you move away!
The orc priest hits you but does no damage.
The orc priest mumbles some strange prayers to Beogh against you.
Beogh smites you!
You die...

##.# ##...## #(.
...# ##'## #.# #
#### #.# #.#.#
#########.# ##.#.
.......##.## .o.
######.#...## #o#
######......# #o#
#...##.#...######.#
#.#.##.##.#.....@.#
†...##.####.#######
............#
#############


You could see an orc priest, an orc wizard and an orc.

Vanquished Creatures
  An adder (D:4)
  A worm (D:2)
  5 bats
  4 endoplasms
  A giant cockroach (D:2)
  5 goblins
  A hobgoblin (D:1)
  2 quokkas
  3 ball pythons
  3 kobolds (D:1)
  A rat (D:2)
27 creatures vanquished.

Vanquished Creatures (others)
  2 plants (D:1)
2 creatures vanquished.

Grand Total: 29 creatures vanquished

Notes
Turn   | Place    | Note
-------+----------+-------------------------------------------
     0 | D:1      | gzilladon the Draconian Berserker began the quest for the
                  | Orb.
     0 | D:1      | Reached XP level 1. HP: 19/19 MP: 1/1
    63 | D:1      | Found a faded altar of an unknown god.
   270 | D:1      | Reached XP level 2. HP: 26/26 MP: 2/2
  1024 | D:2      | Reached XP level 3. HP: 28/33 MP: 3/3
  1207 | D:2      | You fall into a shaft and drop 1 floor!
  1515 | D:4      | Reached skill level 4 in Fighting
  1542 | D:4      | Killed from afar by an orc priest

Illustrated notes

Levels and vault maps discovered:
D:1:      evilmike_arrival_plus, layout_loops_corners,
          shapermc_ecumenical_altar_acropolis
D:2:      layout_basic, minmay_tetromino_o2
D:3:      layout_basic, serial_shops, nicolae_shop_crystal,
          minmay_misc_feat_rows, corexii_corridor_pit, roderic_batcave,
          pf_guarded_unrand_woodcutter
D:4:      layout_loops_corners, dk_rats_in_the_wall

Skill      XL: |  1  2  3 |
---------------+----------+-----
Dodging        | 3 |  3.2
Fighting       | 4 |  4.0
Axes           | |  3.4

Action                   || total
-------------------------++-------
Melee: Hand axe          ||    78
       Tailslap          ||     8
       Mace              ||     6
Throw: Stone             ||    10
Invok: Berserk           ||     1
  Use: Potion            ||     1
 Stab: Sleeping          ||     1
Armor: Skin              ||    34
Dodge: Dodged            ||    69

Table legend: (Time is in decaauts)
 A = Elapsed time spent in this place.
 B = Non-inter-level travel time spent in this place.
 C = Inter-level travel time spent in this place.
 D = Time resting spent in this place.
 E = Time spent auto-exploring this place.
 F = Levels seen in this place.
 G = Mean time per level.
                   A        B        C        D        E       F      G
               +--------+--------+--------+--------+--------+-----+--------+
         Total |   1567 |   1028 |    539 |    136 |     90 |   4 |  391.8 |
       Dungeon |   1567 |   1028 |    539 |    136 |     90 |   4 |  391.8 |
               +--------+--------+--------+--------+--------+-----+--------+

Top non-repeatable levels by time:
     D:1: 806 daAuts
     D:2: 465 daAuts
     D:3: 227 daAuts
     D:4: 67 daAuts
